 Dungeon Crawl Stone Soup version 0.24-a0-443-g80245de385 (webtiles) character file.

Game seed: 11068181312164016664

25396 JellyEater the Geomancer (level 13, 0/76 HPs)
             Began as a Gargoyle Earth Elementalist on June 21, 2019.
             Was a High Priest of Vehumet.
             Slain by an ettin
             ... wielding a +0 dire flail
              (45 damage)
             ... on level 13 of the Dungeon.
             The game lasted 00:39:20 (15662 turns).

JellyEater the Geomancer (GrEE)                    Turns: 15662, Time: 00:39:21

Health: 0/76       AC: 20    Str: 11    XL:     13   Next: 19%
Magic:  8/25       EV: 15    Int: 22    God:    Vehumet [*****.]
Gold:   386        SH:  0    Dex: 14    Spells: 14/29 levels left

rFire    . . .     SeeInvis .   r - +1 quarterstaff (curse)
rCold    + . .     Gourm    .   (shield currently unavailable)
rNeg     + . .     Faith    .   p - +2 robe {rC+}
rPois    ∞         Spirit   .   (no helmet)
rElec    +         Reflect  .   C - +2 cloak
rCorr    .         Harm     .   (no gloves)
MR       .....                  q - +2 pair of boots
Stlth    ++........             (no amulet)
HPRegen  0.22/turn              (no ring)
MPRegen  0.19/turn              D - +4 ring of dexterity

@: flying
A: big wings, talons 1, blink, negative energy resistance 1, electricity
resistance, unbreathing, petrification resistance, rot immunity, AC +9
a: Stop Flying, Blink, Renounce Religion


You were on level 13 of the Dungeon.
You worshipped Vehumet.
Vehumet was extremely pleased with you.
You were not hungry.

You visited 2 branches of the dungeon, and saw 14 of its levels.

You collected 746 gold pieces.
You spent 360 gold pieces at shops.

Inventory:

Hand Weapons
 j - a +0 morningstar
 r - a cursed +1 quarterstaff (weapon)
 A - a +2 whip of electrocution
 E - a +5 mace of freezing
Missiles
 b - 118 stones (quivered)
Armour
 p - a +2 robe of cold resistance (worn)
 q - a +2 pair of boots (worn)
 C - a +2 cloak (worn)
 I - a +2 robe of magic resistance
Jewellery
 D - a +4 ring of dexterity (right hand)
Wands
 e - a wand of enslavement (15)
 k - a wand of flame (56)
 B - a wand of random effects (23)
 G - a wand of digging (2)
Scrolls
 h - a scroll of fear
 m - 11 scrolls of teleportation
 s - 2 scrolls of amnesia
 w - 2 scrolls of immolation
 x - 2 scrolls of fog
 y - 2 scrolls of enchant weapon
Potions
 a - a potion of berserk rage
 f - 4 potions of agility
 g - 5 potions of mutation
 i - 6 potions of heal wounds
 n - 2 potions of cancellation
 t - a potion of magic
 u - a potion of lignification
 F - 3 potions of ambrosia
 H - a potion of invisibility
Comestibles
 d - 21 rations


   Skills:
 + Level 7.0 Fighting
 + Level 6.5 Maces & Flails
 - Level 6.0 Armour
 + Level 5.7 Dodging
 - Level 2.1 Stealth
 + Level 8.9 Spellcasting
 + Level 9.9 Conjurations
   Level 0.7 Transmutations
 * Level 5.3 Fire Magic
 + Level 11.5 Earth Magic
 + Level 5.8 Evocations


You had 14 spell levels left.
You knew the following spells:

 Your Spells              Type           Power        Failure   Level  Hunger
a - Sandblast             Erth           ######       1%          1    None
b - Stone Arrow           Conj/Erth      ######       1%          3    None
c - Lee's Rapid Deconstr  Erth           ######....   1%          5    #####..
f - Bolt of Fire          Conj/Fire      #####.....   12%         6    ######.

Your spell library contained the following spells:

 Spells                   Type           Power        Failure   Level  Hunger
 Freezing Cloud           Conj/Ice/Air   ###.......   54%         6    ######.
 Freeze                   Ice            #...         1%          1    None
 Passwall                 Tmut/Erth      #####...     1%          2    None
 Throw Frost              Conj/Ice       ####..       1%          2    None
 Throw Icicle             Conj/Ice       ####....     2%          4    ##.....
 Petrify                  Tmut/Erth      #####...     5%          4    ##.....
 Animate Skeleton         Necr           N/A          7%          1    None
 Apportation              Tloc           #.....       7%          1    None
 Confusing Touch          Hex            #.....       7%          1    None
 Pain                     Necr           #...         7%          1    None
 Summon Small Mammal      Summ           #...         7%          1    None
 Ozocubu's Armour         Chrm/Ice       #.......     21%         3    None
 Regeneration             Chrm/Necr      #.........   21%         3    None
 Vampiric Draining        Necr           #.........   21%         3    None
 Animate Dead             Necr           N/A          56%         4    ##.....
 Summon Ice Beast         Ice/Summ       #.......     56%         4    ##.....


Dungeon Overview and Level Annotations

Branches:
Dungeon (13/15)            Temple (1/1) D:5            Lair (0/6) D:11
    Orc (0/2) D:12
 Vaults: D:13-14

Altars:
Ashenzari
Cheibriados
Dithmenos
Elyvilon
Fedhas
Gozag
Hepliaklqana
Kikubaaqudgha
Makhleb
Nemelex Xobeh
Okawaru
Qazlal
Ru
Sif Muna
Trog
Uskayaw
Vehumet
Wu Jian
Xom
Yredelemnul
Zin
The Shining One

Shops:
D:5 [   D:9 !   D:10 [


Innate Abilities, Weirdness & Mutations

You are resistant to torment.
Your stone body is resilient. (AC +9)
You are immune to poison.
You resist negative energy. (rN+)
You are resistant to electric shocks. (rElec)
You can survive without breathing.
You are immune to petrification.
You are immune to rotting.
Your large and strong wings let you fly indefinitely.
You have sharp toenails.
You can translocate small distances at will.


Message History

Unknown command.
Unknown command.
Casting: Sandblast (safe; 1% risk of failure)
Confirm with . or Enter, or press ? or * to list all spells.
Aiming: Lee's Rapid Deconstruction (safe; 1% risk of failure)
Press: ? - help, Dir - move target cursor, p - ettin A rock wall.
The wall shatters!
The blast of rock fragments hits the ettin.
The ettin is severely wounded.
The blast of rock fragments hits the hound!!
You kill the hound!
Vehumet accepts your kill.
The blast of rock fragments hits the centaur!!
You kill the centaur!
Vehumet accepts your kill.
The ettin hits you with a +0 dire flail.
The ettin hits you with a +0 dire flail!!!
Ouch! That really hurt!
You die...

.# .# ..# .. #.# #.# #
#(# .# #.#######..# .
#..........# ######..c.
#.##)..#####.#.@C†)....
#.[....[.....#.#######$
#)#####.##.#.Y.# #.##
#.##.###.# #..####.##.#
#.# ##.......##.###.#
....####.##.....# #####
#........#####
######.........


You could see an ettin, an ice beast and a centaur.

Vanquished Creatures
  Frances (D:13)
  Josephine (D:13)
  Fannar (D:11)
  An ice dragon (D:13)
  2 centaur warriors
  2 two-headed ogres
  Nergalle (D:11)
  An unseen horror (D:10)
  A wizard (D:13)
  Pikel (D:6)
  4 ugly things
  Psyche (D:12)
  A kobold demonologist (D:12)
  Prince Ribbit (D:7)
  A hornet (shapeshifter) (D:13)
  A troll (D:12)
  2 hippogriffs
  A vampire (D:13)
  5 wraiths
  A human (D:9)
  21 yaks
  4 hogs (D:9)
  3 hungry ghosts
  3 wargs (D:11)
  3 water moccasins
  An acid dragon (D:10)
  5 ice beasts
  An eye of draining (D:10)
  A black bear (D:10)
  4 orc warriors
  3 sky beasts
  9 ogres
  A necrophage (D:10)
  3 phantoms
  8 centaurs
  A crocodile (D:7)
  4 big kobolds
  6 bullfrogs
  A gnoll sergeant (D:8)
  2 water moccasin skeletons
  3 scorpions
  17 killer bees
  6 electric eels (D:11)
  11 wights
  8 howler monkeys
  5 crimson imps
  5 bullfrog zombies
  9 hounds
  A quasit (D:12)
  A centaur zombie (D:5)
  7 orc priests
  3 centaur skeletons
  6 jellies
  4 bullfrog skeletons
  10 orc wizards
  3 iguanas
  6 worker ants
  4 hound zombies
  A hound skeleton (D:6)
  2 worker ant zombies
  13 adders
  10 gnolls
  2 shadow imps
  An ooze (D:5)
  2 adder zombies (D:5)
  A worm (D:2)
  An adder skeleton (D:5)
  2 dart slugs
  4 leopard geckos
  42 orcs
  9 giant cockroaches
  2 hobgoblins
  8 jackals
  16 kobolds
  5 quokkas
  A ball python (D:1)
  7 bats
  6 frilled lizards
  7 goblins
  A jackal skeleton (D:6)
  3 jackal zombies (D:5)
  A leopard gecko skeleton (D:7)
  A quokka skeleton (D:5)
  8 rats
379 creatures vanquished.

Vanquished Creatures (others)
  A slave (D:6)
  An orc wizard (D:8)
  An orc (D:11)
3 creatures vanquished.

Grand Total: 382 creatures vanquished

Notes
Turn   | Place    | Note
-------+----------+-------------------------------------------
     0 | D:1      | JellyEater the Gargoyle Earth Elementalist began the quest
                  | for the Orb.
     0 | D:1      | Reached XP level 1. HP: 10/10 MP: 3/3
   192 | D:1      | Reached XP level 2. HP: 11/15 MP: 5/5
   386 | D:1      | Reached skill level 4 in Earth Magic
   725 | D:1      | You fall into a shaft and drop 1 floor!
   845 | D:2      | Reached XP level 3. HP: 19/19 MP: 0/6
   850 | D:2      | Learned a level 3 spell: Stone Arrow
  1276 | D:1      | You fall into a shaft and drop 1 floor!
  1278 | D:2      | Reached skill level 1 in Conjurations
  1500 | D:2      | Found a faded altar of an unknown god.
  1581 | D:2      | Gained mutation: You can translocate small distances at
                  | will. [potion of mutation]
  1581 | D:2      | Gained mutation: Your large and strong wings let you fly
                  | indefinitely. [potion of mutation]
  1581 | D:2      | Gained mutation: You have sharp toenails. [potion of
                  | mutation]
  1651 | D:2      | Reached XP level 4. HP: 23/24 MP: 4/8
  2279 | D:3      | Found a shimmering altar of Xom.
  2280 | D:3      | Found a burning altar of Makhleb.
  2284 | D:3      | Reached skill level 5 in Earth Magic
  2284 | D:3      | Reached XP level 5. HP: 26/28 MP: 5/9
  2378 | D:3      | Learned a level 5 spell: Lee's Rapid Deconstruction
  2573 | D:3      | Found a blossoming altar of Fedhas.
  2984 | D:4      | Reached XP level 6. HP: 32/32 MP: 6/11
  3043 | D:4      | Got a bone spear
  3044 | D:4      | Identified the +6 spear of Precise Incision {speed, Str+2}
                  | (You found it on level 4 of the Dungeon)
  3131 | D:4      | Got a brightly glowing dagger
  3249 | D:4      | Found a sacrificial altar of Ru.
  3364 | D:4      | Reached skill level 6 in Earth Magic
  4044 | D:5      | Entered Level 5 of the Dungeon
  4221 | D:5      | Reached XP level 7. HP: 36/36 MP: 11/13
  4658 | D:5      | Found Qadauc's Armour Boutique.
  4985 | D:5      | Reached skill level 7 in Earth Magic
  4989 | D:5      | Found a staircase to the Ecumenical Temple.
  5002 | Temple   | Entered the Ecumenical Temple
  5059 | Temple   | Became a worshipper of Vehumet
  5430 | D:5      | Reached skill level 5 in Spellcasting
  5569 | D:6      | Reached skill level 5 in Conjurations
  5569 | D:6      | Reached XP level 8. HP: 30/41 MP: 15/15
  5983 | D:6      | Reached skill level 8 in Earth Magic
  6013 | D:6      | Reached * piety under Vehumet
  6013 | D:6      | Offered knowledge of Sting by Vehumet.
  6150 | D:6      | Noticed Pikel
  6163 | D:6      | Killed Pikel
  6163 | D:6      | Reached XP level 9. HP: 42/45 MP: 10/18
  6440 | D:6      | Reached skill level 1 in Fighting
  6440 | D:6      | Reached skill level 1 in Armour
  6456 | D:6      | Reached skill level 1 in Maces & Flails
  6502 | D:7      | Reached skill level 9 in Earth Magic
  6502 | D:7      | Reached skill level 1 in Evocations
  6823 | D:7      | Identified the cursed +1 dagger of Ynamipt {pierce, *Drain
                  | +Inv Int-5 Dex+8} (You found it on level 4 of the Dungeon)
  7105 | D:7      | Offered knowledge of Magic Dart by Vehumet.
  7111 | D:7      | Reached ** piety under Vehumet
  7235 | D:7      | Noticed Prince Ribbit
  7425 | D:7      | Killed Prince Ribbit
  7635 | D:8      | Reached XP level 10. HP: 49/54 MP: 20/20
  8209 | D:8      | Found a glowing golden altar of the Shining One.
  8212 | D:8      | Noticed an angel
  8221 | D:8      | Found a basalt altar of Yredelemnul.
  8223 | D:8      | Noticed a profane servitor
  8236 | D:8      | Found an opulent altar of Gozag.
  8236 | D:8      | Noticed a two-headed ogre
  8241 | D:8      | Killed a two-headed ogre
  8320 | D:8      | Found an ancient bone altar of Kikubaaqudgha.
  8320 | D:8      | Found a glowing silver altar of Zin.
  8326 | D:8      | Found a sparkling altar of Nemelex Xobeh.
  8805 | D:9      | Offered knowledge of Searing Ray by Vehumet.
  9208 | D:9      | Reached *** piety under Vehumet
  9232 | D:9      | Got a faintly glowing hand axe
  9348 | D:9      | Found an iron altar of Okawaru.
  9379 | D:9      | Reached skill level 10 in Earth Magic
  9382 | D:9      | Reached XP level 11. HP: 61/61 MP: 8/22
  9733 | D:9      | Offered knowledge of Iskenderun's Mystic Blast by Vehumet.
  9965 | D:9      | Found Cehis's Distillery.
  9973 | D:9      | Bought a potion of agility for 48 gold pieces
  9973 | D:9      | Bought a potion of heal wounds for 60 gold pieces
  9973 | D:9      | Bought a potion of heal wounds for 60 gold pieces
  9973 | D:9      | Bought a potion of ambrosia for 96 gold pieces
  9973 | D:9      | Bought a potion of magic for 96 gold pieces
 10053 | D:10     | Entered Level 10 of the Dungeon
 10195 | D:10     | Found a shimmering altar of Xom.
 10355 | D:10     | Killed an unseen horror
 10734 | D:10     | Reached **** piety under Vehumet
 10790 | D:10     | Offered knowledge of Airstrike by Vehumet.
 10941 | D:10     | Reached skill level 5 in Fighting
 10941 | D:10     | Reached skill level 5 in Armour
 11022 | D:10     | Found Heugeh's Antique Armour Shoppe.
 11775 | D:11     | Noticed Nergalle
 11784 | D:11     | Killed Nergalle
 11784 | D:11     | Reached skill level 5 in Maces & Flails
 11939 | D:11     | Found a staircase to the Lair.
 11973 | D:11     | Noticed a red ugly thing
 11980 | D:11     | Killed a red ugly thing
 12209 | D:11     | Reached ***** piety under Vehumet
 12212 | D:11     | Offered knowledge of Bolt of Fire by Vehumet.
 12220 | D:11     | Learned a level 6 spell: Bolt of Fire
 12349 | D:11     | Noticed Fannar
 12399 | D:11     | Killed Fannar
 12399 | D:11     | Reached skill level 1 in Fire Magic
 12399 | D:11     | Reached XP level 12. HP: 34/69 MP: 2/24
 12596 | D:11     | Identified the +6 hand axe of the Pariah {drain, *Corrode
                  | rElec rN+ Int+3} (You found it on level 9 of the Dungeon)
 13211 | D:12     | Noticed a two-headed ogre
 13217 | D:12     | Killed a two-headed ogre
 13355 | D:12     | Reached skill level 5 in Dodging
 13590 | D:12     | Reached skill level 5 in Evocations
 13725 | D:12     | Reached skill level 11 in Earth Magic
 13904 | D:12     | Noticed Psyche
 13907 | D:12     | Killed Psyche
 13934 | D:12     | Found a staircase to the Orcish Mines.
 13954 | D:12     | Noticed a centaur warrior
 13963 | D:12     | Killed a centaur warrior
 14139 | D:12     | Offered knowledge of Freezing Cloud by Vehumet.
 14300 | D:13     | Noticed Frances
 14310 | D:13     | Noticed a sun demon
 14316 | D:13     | Killed Frances
 14318 | D:13     | Noticed an ice dragon
 14359 | D:13     | Killed an ice dragon
 14369 | D:13     | Reached XP level 13. HP: 40/76 MP: 4/25
 14408 | D:13     | Noticed an ettin
 15096 | D:13     | Noticed Josephine
 15101 | D:13     | Killed Josephine
 15101 | D:13     | Reached skill level 5 in Fire Magic
 15662 | D:13     | Slain by an ettin

Levels and vault maps discovered:
D:1:      lemuel_arrival_behind_the_door_small, layout_basic
D:2:      layout_basic, chequers_ecumenical_altar_island, first_ration
D:3:      layout_rooms, grunt_temple_overflow_champion_of_chaos, st_stairs_8,
          fedhas_altar_fruit_tree
D:4:      layout_basic, lemuel_doored_altar
D:5:      layout_cave_pods, minmay_temple_entry_slanted, serial_undead,
          serial_undead_c, serial_undead_f, serial_undead_f, serial_undead_d,
          serial_shops, nicolae_shop_stone
D:6:      layout_gridville, uniq_pikel
D:7:      layout_rooms, uniq_prince_ribbit1
D:8:      layout_rooms, grunt_temple_overflow_holy_war,
          grunt_temple_overflow_open, serial_co_window_serial,
          co_window_paths_a, co_window_of_opportunity_a,
          co_window_of_opportunity_a, co_window_corner_a,
          co_window_of_opportunity_a, co_window_paths_a,
          co_window_of_opportunity_c, co_window_of_opportunity_b,
          co_window_corner_cb, co_window_broadway_b, co_window_broadway_c,
          glass_columns_c, glass_columns_c, glass_columns_c, glass_columns_a
D:9:      layout_rooms, serial_shops, nicolae_shop_crystal, grunt_livestock,
          okawaru_ov_weapons_minmay
D:10:     layout_long_grid, basic_altar, serial_shops, kennysheep_little_box,
          minmay_misc_feat_pillars
D:11:     layout_basic, erik_lair_orcish_takeover, uniq_nergalle, uniq_fannar
D:12:     layout_roguey, orc_0_dummy, uniq_psyche
D:13:     layout_loops_ring, david_vaults_4, uniq_jorgrun, uniq_josephine,
          uniq_frances, uniq_nessos
Temple:   dshaligram_water_room_temple

Skill      XL: |  1  2  3  4  5  6  7  8  9 10 11 12 13 |
---------------+----------------------------------------+-----
Earth Magic    | 4 5 6 7 8 9 10 11 | 11.5
Conjurations   | 1 2 3 5 6 7 8 9 |  9.9
Spellcasting   | 3 4 5 6 7 8 |  8.9
Fighting       | 2 4 5 6 7 |  7.0
Armour         | 2 4 5 6 |  6.0
Maces & Flails | 2 4 5 6 |  6.5
Evocations     | 2 3 4 5 |  5.8
Dodging        | 2 3 4 5 |  5.7
Fire Magic     | 1 4 5 |  5.3
Stealth        | |  2.1
Transmutations | |  0.7

Action                   |  1- 3 |  4- 6 |  7- 9 | 10-12 | 13-15 || total
-------------------------+-------+-------+-------+-------+-------++-------
Melee: Short sword       |    75 |    39 |       |       |       ||   114
       Unarmed           |     3 |       |       |       |       ||     3
       Kick              |       |     6 |    27 |       |       ||    33
       Spear             |       |    20 |   169 |       |       ||   189
       Quarterstaff      |       |       |    42 |   330 |     3 ||   375
 Cast: Sandblast         |    25 |    37 |    63 |   225 |    36 ||   386
       Stone Arrow       |       |     3 |     4 |    11 |     1 ||    19
       Lee's Rapid Decon |       |       |     9 |    55 |    13 ||    77
       Bolt of Fire      |       |       |       |     1 |       ||     1
 Abil: Fly               |     1 |       |       |       |       ||     1
Evoke: Wand              |       |     1 |       |     7 |       ||     8
  Use: Scroll            |     7 |     9 |     5 |     6 |     1 ||    28
       Potion            |     1 |       |       |     6 |       ||     7
 Stab: Sleeping          |     4 |     1 |     5 |     1 |       ||    11
       Paralysed         |       |       |       |    17 |       ||    17
  Eat: Chunk             |     2 |     9 |    14 |    31 |     2 ||    58
       Ration            |       |       |       |     1 |     2 ||     3
Armor: Robe              |    29 |    23 |    68 |   223 |    25 ||   368
Dodge: Dodged            |    48 |    55 |   107 |   311 |    42 ||   563

Table legend:
 A = Non-vault XP
 B = Vault XP
 C = Vault XP percentage of total XP
 D = Non-vault monster count
 E = Vault monster count
 F = Vault count percentage of total count
                 A         B        C        D         E       F
            +---------+---------+-------+---------+---------+-------
      Total |   24600 |   11681 |  32.2 |     336 |      44 |  11.6
            +---------+---------+-------+---------+---------+-------
        D:1 |      26 |       0 |   0.0 |      18 |       0 |   0.0
        D:2 |      80 |       0 |   0.0 |      25 |       0 |   0.0
        D:3 |      47 |      51 |  52.0 |      16 |       2 |  11.1
        D:4 |     320 |       0 |   0.0 |      15 |       0 |   0.0
        D:5 |     298 |     326 |  52.2 |      13 |      14 |  51.9
        D:6 |    1167 |     651 |  35.8 |      28 |       1 |   3.4
        D:7 |    1360 |     300 |  18.1 |      24 |       1 |   4.0
        D:8 |    2859 |       0 |   0.0 |      32 |       0 |   0.0
        D:9 |    2112 |     976 |  31.6 |      30 |       5 |  14.3
       D:10 |    3766 |       0 |   0.0 |      37 |       0 |   0.0
       D:11 |    2931 |    2417 |  45.2 |      39 |      10 |  20.4
       D:12 |    7731 |    1281 |  14.2 |      51 |       5 |   8.9
       D:13 |    1903 |    5679 |  74.9 |       8 |       6 |  42.9
            +---------+---------+-------+---------+---------+-------
